 Dungeon Crawl Stone Soup version 0.27.1-4-g1640c2035a (webtiles) character file.

Game seed: 9149676642989698696

15053 Iepvzaeh the Protected (level 11, -25/104 HPs)
             Began as a Minotaur Berserker on Nov 3, 2021.
             Was an Elder of Trog.
             Killed from afar by an orc sorcerer (45 damage)
             ... with a bolt of fire
             ... on level 2 of the Orcish Mines on Nov 4, 2021.
             The game lasted 01:05:17 (24295 turns).

Iepvzaeh the Protected (Minotaur Berserker)        Turns: 24295, Time: 01:05:18

Health: -25/104    AC: 27    Str: 24    XL:     11   Next: 96%
Magic:  10/10      EV:  8    Int:  4    God:    Trog [****..]
Gold:   1044       SH:  0    Dex: 11    Spells: 10/10 levels left

rFire    x . .     SeeInvis .   a - +3 battleaxe
rCold    + . .     Faith    .   (shield currently unavailable)
rNeg     . . .     Spirit   .   A - +2 plate armour {Will+}
rPois    .         Reflect  .   T - +2 hat
rElec    .         Harm     .   h - scarf {+Inv}
rCorr    +         Rampage  +   S - +2 pair of gloves {Stlth+}
Will     +....                  t - +2 pair of boots {rampage}
Stlth    ..........             (no amulet)
HPRegen  0.27/turn              H - ring of ice
MPRegen  0.12/turn              e - ring of resist corrosion

@: on berserk cooldown, slowed, studying Fighting, very slow
A: horns 2, retaliatory headbutt
a: Renounce Religion, Evoke Invisibility, Berserk, Trog's Hand, Brothers in Arms


You were on level 2 of the Orcish Mines.
You worshipped Trog.
Trog was greatly pleased with you.
You visited 2 branches of the dungeon, and saw 14 of its levels.

You collected 1466 gold pieces.
You spent 422 gold pieces at shops.

Inventory:

Hand Weapons
 a - a +3 battleaxe (weapon)
 b - a +6 vorpal hunting sling
 i - a +3 hand axe
 B - a +0 hand crossbow
Missiles
 f - 280 arrows
 q - 5 boomerangs
 s - 38 poisoned darts
 w - 40 bolts
 C - a throwing net
 I - 11 javelins
 M - 22 sling bullets
Armour
 h - a scarf of invisibility (worn)
 j - a +0 buckler
 t - a +2 pair of boots of rampaging (worn)
 A - a +2 plate armour of willpower (worn)
 O - the +0 leather armour "Qiopiub" {Fly}
   (You found it on level 9 of the Dungeon)

   Fly:       It grants you flight.
 S - a +2 pair of gloves of stealth (worn)
 T - a +2 hat (worn)
Jewellery
 e - a ring of resist corrosion (right hand)
 g - an amulet of magic regeneration
 H - a ring of ice (left hand)
Wands
 c - a wand of acid (15)
 l - a wand of iceblast (30)
 v - a wand of mindburst (12)
 F - a wand of flame (21) (quivered)
 K - a wand of polymorph (2)
Scrolls
 k - 2 scrolls of magic mapping
 o - 2 scrolls of brand weapon {unknown}
 r - 2 scrolls of noise
 u - a scroll of fear {unknown}
 y - 2 scrolls of immolation
 z - a scroll of silence {unknown}
 D - a scroll of enchant weapon {unknown}
 E - 3 scrolls of fog
 N - 3 scrolls of summoning {unknown}
Potions
 d - a potion of degeneration {unknown}
 m - 3 potions of flight
 n - a potion of attraction {unknown}
 p - 3 potions of brilliance
 x - a potion of resistance {unknown}
 G - 2 potions of might {unknown}
 L - 2 potions of curing
 P - a potion of magic {unknown}
 Q - a potion of lignification {unknown}
 R - a potion of ambrosia {unknown}
 V - 2 potions of invisibility {unknown}


   Skills:
 + Level 11.7 Fighting
 + Level 9.8(10.6) Axes
 - Level 6.4(9.0) Polearms
 + Level 3.5(5.5) Slings
 + Level 5.4 Crossbows
 + Level 6.1(6.4) Throwing
 + Level 13.1 Armour
 + Level 3.6 Dodging
 + Level 2.0 Stealth
 + Level 4.7 Shields
 + Level 1.3 Evocations


You had 10 spell levels left.
You didn't know any spells.
Your spell library was empty.

Dungeon Overview and Level Annotations

Branches:
Dungeon (12/15)            Temple (0/1) D:4            Lair (0/6) D:11
    Orc (2/2) D:10
    Elf: Orc:2

Altars:
Cheibriados
Gozag
Nemelex Xobeh
Okawaru
Sif Muna
Uskayaw
Yredelemnul
Zin
Beogh

Shops:
D:2 :   D:3 *   D:8 :   D:10 [


Innate Abilities, Weirdness & Mutations

You have a pair of horns on your head.
You reflexively headbutt those who attack you in melee.


Message History

The bolt of negative energy hits you but does no damage.
The orc priest calls upon Beogh to heal the orc sorcerer.
The orc sorcerer is healed somewhat.
You can move again.
Unknown command.
Unknown command.
The orc priest looks braver for a moment.
You feel better. The orange demon barely misses you.
The orc priest hits you but does no damage.
The orc sorcerer hits you but does no damage.
The orc priest hits you but does no damage.
The orange demon stings you from afar.
The orange demon disappears in a puff of smoke!
The orc sorcerer casts a spell.
The orc priest hits you but does no damage.
The orc priest hits you but does no damage.
The orange demon stings you but does no damage.
The orange demon stings you from afar!
* * * LOW HITPOINT WARNING * * *
You are poisoned.
The orange demon poisons you!
* * * LOW HITPOINT WARNING * * *
You feel extremely sick. The orange demon closely misses you.
The orc priest begins to cast a cantrip, but forgets the words!
* * * LOW HITPOINT WARNING * * *
You feel very sick.
The orc sorcerer points at you and mumbles some strange words.
The bolt of negative energy misses you.
The orange demon stings you but does no damage.
You feel better.
The orc sorcerer casts a spell.
The orange demon completely misses you. The orange demon stings you from afar.
* * * LOW HITPOINT WARNING * * *
The ynoxinul gestures.
The ufetubus shouts!
The orc sorcerer gestures at you while chanting.
The bolt of fire hits you!!! The fire burns you terribly!
You die...

########
#####....#.###
##§##.........##
#§§.§.....#....#
#§.....5o....##
##§§..5.34#....## #
#§§.....##......#
#....#......5.#o##.##
#.......).)....@.####
#..#...#)###......##
....#.##.. ##......#
#..#.# ....
##....#### ..#. .....
#...###.### # #...8..
#...##....# #((._..
#..##...... ##..
##...##.##..
##...#....##.##


You could see an orc sorcerer and 2 ufetubi.

Vanquished Creatures
  Snorg (D:10)
  A two-headed ogre (D:10)
  Nergalle (D:10)
  3 cyclopes
  Joseph (D:8)
  A komodo dragon (D:7)
  An unseen horror (D:10)
  A kobold demonologist (D:11)
  A troll (D:9)
  2 hornets
  2 slime creatures (D:11)
  2 vampires (D:11)
  10 yaks
  2 shadows
  5 humans (D:8)
  Grum (D:8)
  6 vampire mosquitoes
  A steam dragon (D:6)
  An acid dragon (D:9)
  3 water moccasins
  A sky beast (D:8)
  11 orc warriors
  2 wolves (D:8)
  5 ogres
  4 centaurs
  Blork the orc (D:6)
  3 phantoms
  6 bullfrogs
  A gnoll sergeant (D:4)
  8 scorpions
  2 wyvern zombies
  16 killer bees
  3 howler monkeys
  2 bullfrog zombies
  4 centaur zombies
  2 jellies
  2 hounds
  18 orc priests
  3 centaur skeletons
  Jessica (D:2)
  2 iguanas
  Natasha (thrice) (D:3)
  15 orc wizards
  A killer bee zombie (D:7)
  A howler monkey zombie (D:7)
  3 gnolls (D:4)
  5 adders
  A shadow imp (D:7)
  2 white imps
  An adder zombie (D:5)
  3 dart slugs
  77 orcs
  11 endoplasms
  5 giant cockroaches
  5 goblins
  8 hobgoblins
  3 jackals (D:4)
  4 quokkas
  5 ball pythons
  2 bats
  3 frilled lizards
  6 kobolds
  11 rats
318 creatures vanquished.

Notes
Turn   | Place    | Note
-------+----------+-------------------------------------------
     0 | D:1      | Iepvzaeh the Minotaur Berserker began the quest for the
                  | Orb.
     0 | D:1      | Reached XP level 1. HP: 19/19 MP: 0/0
   347 | D:1      | Reached XP level 2. HP: 21/27 MP: 1/1
  1004 | D:2      | Found a faded altar of an unknown god.
  1050 | D:2      | Found a glowing silver altar of Zin.
  1250 | D:2      | Found Uckeyti's Book Emporium.
  1332 | D:2      | Reached ** piety under Trog
  1333 | D:2      | Reached XP level 3. HP: 33/33 MP: 2/2
  1475 | D:2      | Noticed a scorpion
  1483 | D:2      | Killed a scorpion
  1484 | D:2      | Reached skill level 3 in Armour
  1484 | D:2      | Reached XP level 4. HP: 19/41 MP: 3/3
  1968 | D:3      | Noticed Jessica
  1981 | D:2      | Killed Jessica
  1982 | D:2      | Reached skill level 5 in Polearms
  1999 | D:3      | Reached XP level 5. HP: 36/47 MP: 4/4
  2200 | D:3      | Found Gozag's Platinum Reserve.
  2202 | D:3      | Found an opulent altar of Gozag.
  2327 | D:3      | Reached skill level 5 in Fighting
  2503 | D:3      | Reached skill level 1 in Stealth
  2617 | D:3      | Noticed a phantom
  2639 | D:3      | Killed a phantom
  2640 | D:3      | Reached skill level 4 in Armour
  2640 | D:3      | Reached XP level 6. HP: 23/56 MP: 5/5
  3172 | D:3      | Found a basalt altar of Yredelemnul.
  3213 | D:3      | Noticed Natasha
  3219 | D:3      | Killed Natasha
  3741 | D:3      | Noticed Natasha
  3751 | D:3      | Killed Natasha
  4071 | D:3      | Noticed Natasha
  4087 | D:3      | Killed Natasha
  4330 | D:4      | Reached skill level 1 in Throwing
  4522 | D:4      | Found a staircase to the Ecumenical Temple.
  4532 | D:4      | Reached skill level 5 in Armour
  4536 | D:4      | Reached XP level 7. HP: 41/61 MP: 6/6
  5146 | D:4      | Reached *** piety under Trog
  5421 | D:5      | Entered Level 5 of the Dungeon
  5556 | D:5      | Reached skill level 1 in Crossbows
  5840 | D:5      | Reached XP level 8. HP: 70/70 MP: 7/7
  5962 | D:5      | Found a sparkling altar of Nemelex Xobeh.
  5962 | D:5      | Found an iron altar of Okawaru.
  5963 | D:5      | Found a glowing silver altar of Zin.
  5968 | D:5      | Reached skill level 1 in Axes
  6292 | D:6      | Noticed a hornet
  6293 | D:6      | Reached skill level 1 in Shields
  6299 | D:6      | Paralysed by a hornet for 1 turns
  6302 | D:6      | Killed a hornet
  6303 | D:6      | Reached skill level 5 in Crossbows
  6303 | D:6      | Reached skill level 6 in Armour
  7235 | D:6      | Found a shimmering blue altar of Sif Muna.
  7266 | D:6      | Found a snail-covered altar of Cheibriados.
  7278 | D:6      | Noticed Blork the orc
  7297 | D:6      | Killed Blork the orc
  7714 | D:6      | Reached **** piety under Trog
  8025 | D:6      | Reached XP level 9. HP: 78/78 MP: 8/8
  8715 | D:7      | Reached skill level 7 in Armour
  9001 | D:7      | Identified 2 scrolls of acquirement
  9664 | D:7      | Noticed a cyclops
  9683 | D:7      | Reached skill level 8 in Armour
  9902 | D:6      | Acquired a manual of Fighting
  9923 | D:7      | Killed a cyclops
  9924 | D:7      | Reached skill level 5 in Axes
 10212 | D:7      | Noticed a komodo dragon
 10238 | D:7      | Killed a komodo dragon
 10239 | D:7      | Reached skill level 5 in Throwing
 10346 | D:7      | Reached skill level 9 in Armour
 10346 | D:7      | Reached skill level 1 in Evocations
 10400 | D:7      | Reached XP level 10. HP: 88/88 MP: 9/9
 11258 | D:8      | Noticed Grum
 11281 | D:8      | Killed Grum
 11425 | D:8      | Found Ubaurad's Book Shop.
 11477 | D:8      | Reached skill level 10 in Armour
 11495 | D:8      | Noticed Joseph
 13060 | D:8      | Killed Joseph
 13564 | D:8      | Identified the +1 ring mail of Soft Rains {*Corrode rElec
                  | Dex+7}
 14600 | D:8      | Reached skill level 11 in Armour
 14636 | D:9      | Identified the +0 leather armour "Qiopiub" {Fly}
 14825 | D:9      | Reached skill level 1 in Slings
 14848 | D:9      | Reached skill level 10 in Fighting
 14851 | D:9      | Reached XP level 11. HP: 80/99 MP: 10/10
 15525 | D:9      | Found a hide-covered altar of Uskayaw.
 15957 | D:10     | Entered Level 10 of the Dungeon
 15988 | D:10     | Noticed Snorg
 16196 | D:10     | Found Bihidui's Armour Boutique.
 16197 | D:10     | Found a staircase to the Orcish Mines.
 16676 | D:10     | Bought a +2 pair of gloves of stealth for 279 gold pieces
 16676 | D:10     | Bought a +1 hat for 143 gold pieces
 17262 | D:10     | Noticed Nergalle
 17674 | D:10     | Killed Nergalle
 18229 | Orc:1    | Entered Level 1 of the Orcish Mines
 18923 | D:9      | Acquired a +1 pair of boots of rampaging
 18951 | D:11     | Noticed a two-headed ogre
 19504 | D:10     | Killed a two-headed ogre
 19505 | D:10     | Reached skill level 12 in Armour
 20264 | D:11     | Found a staircase to the Lair.
 20822 | D:11     | Noticed a death knight
 21086 | D:11     | Paralysed by a hornet for 2 turns
 22116 | D:10     | Killed Snorg
 23022 | D:10     | Reached skill level 13 in Armour
 23619 | Orc:2    | Entered Level 2 of the Orcish Mines
 24249 | Orc:2    | Noticed an orc sorcerer
 24282 | Orc:2    | Paralysed by an orc sorcerer for 2 turns
 24295 | Orc:2    | Killed from afar by an orc sorcerer

Illustrated notes

Levels and vault maps discovered:
D:1:      dpeg_arrival_ratfight, layout_loops_ring
D:2:      layout_loops_ring, basic_altar, serial_shops, nicolae_diamond_shop,
          hellmonk_ecumenical_altar_lost_god, eino_tiny_chamber
D:3:      layout_rooms, nicolae_gozag_zags_fifth_avenue,
          mainiacjoe_overflow_alcove_2, minmay_misc_feat_square,
          chequers_serial_rivers_marsh, minivault_19, moated_statue,
          minmay_misc_feat_tiny, st_stairs_6, lightli_corner_chamber,
          uniq_natasha, uniq_jessica
D:4:      layout_loops_cross, minmay_temple_entry_glass
D:5:      layout_basic, chequers_temple_overflow_statue_of_worship
D:6:      layout_rooms, nicolae_overflow_hidden_temple,
          overflow_temple_1_default, kennysheep_path_1, minmay_crystal_water,
          uniq_blork_the_orc
D:7:      nzn_winding_woodlands_three_and_one
          [nzn_winding_woodlands_5x15_zeroes,
          nzn_winding_woodlands_5x15_split_checker,
          nzn_winding_woodlands_5x15_eye,
          nzn_winding_woodlands_center_pierced_h], layout_basic
D:8:      layout_basic, serial_shops, nicolae_shop_trees, minmay_ruffians,
          uniq_grum, uniq_joseph
D:9:      layout_long_grid, mainiacjoe_overflow_surrounded_room
D:10:     layout_loops_ring, orc_david_3, grunt_decor_resistance, uniq_snorg,
          uniq_nergalle
D:11:     layout_rooms, lair_entry_dummy, moated_statue
D:12:     layout_stronghold
Orc:1:    layout_diamond_mine, david_defended_altar_orc
Orc:2:    grunt_orc_community_town_hall, layout_caves,
          grunt_orc_community_big_house_1, grunt_orc_community_big_house_1,
          grunt_orc_community_house_2, grunt_orc_community_house_1,
          grunt_orc_community_house_3, grunt_orc_community_house_2

Skill      XL: |  1  2  3  4  5  6  7  8  9 10 11 |
---------------+----------------------------------+-----
Polearms       | 4 5 6 |  6.4
Fighting       | 4 5 6 7 10 11 | 11.7
Armour         | 3 4 5 6 9 11 13 | 13.1
Dodging        | 3 |  3.6
Stealth        | 1 2 |  2.0
Throwing       | 1 3 5 6 |  6.1
Crossbows      | 3 5 |  5.4
Axes           | 4 5 7 9 |  9.8
Shields        | 1 3 4 |  4.7
Evocations     | 1 |  1.3
Slings         | 1 3 |  3.5

Action                   |  1- 3 |  4- 6 |  7- 9 | 10-12 || total
-------------------------+-------+-------+-------+-------++-------
Melee: Spear             |    83 |   171 |    41 |       ||   295
       Headbutt          |    11 |    26 |    39 |    87 ||   163
       Hand axe          |       |       |   181 |   327 ||   508
       Battleaxe         |       |       |       |   138 ||   138
 Fire: Hand crossbow     |       |       |    72 |     7 ||    79
       Hunting sling     |       |       |       |    72 ||    72
Throw: Dart              |       |    19 |    20 |    23 ||    62
       Boomerang         |       |       |    54 |    17 ||    71
Invok: Berserk           |       |     5 |    14 |    16 ||    35
       Trog's Hand       |       |       |     2 |     7 ||     9
       Brothers in Arms  |       |       |     1 |     1 ||     2
Evoke: Wand              |       |       |     8 |    16 ||    24
  Use: Scroll            |       |     1 |     9 |    15 ||    25
       Potion            |       |       |       |    11 ||    11
 Stab: Sleeping          |     1 |       |       |       ||     1
       Distracted        |       |       |       |     1 ||     1
Armor: Animal skin       |     4 |       |       |       ||     4
       Leather armour    |     1 |       |       |       ||     1
       Scale mail        |     1 |     3 |       |       ||     4
       Plate armour      |       |    69 |   152 |   482 ||   703
Dodge: Dodged            |    30 |    33 |    79 |   199 ||   341
Block: Buckler           |       |       |    51 |    83 ||   134
